AoeStats
← Green Assassin

Fortress

509472992Analyzed
4v4 RM · 4d ago on Sep 26, 2026· 47m 4s· 8 players
Game mode
Random Map
Map size
Huge
Population
200
Speed
Normal
Resources
Standard
Victory
Conquest
Starting age
Dark Age
Ending age
Imperial Age
RankedLock teamsTeams togetherTeam positionsShared explorationLock speedFull tech treeHidden civsTurbo modeCheats
Victory
Defeat
🇫🇷 Britons · France
1340
+15
🇺🇸 Magyars · United States
1333
+15
🇧🇷 Malians · Brazil
1279
+18
🇩🇪 Mongols · Germany
1259
+18
🇦🇷 Britons · Argentina
1423
-21
🇦🇷 Bengalis · Argentina
1407
-20
🇦🇷 Japanese · Argentina
1231
-13
🇦🇷 Varangians · Argentina
1212
-12
swagdalf
7:26 Feudal Age
11:30 Castle Age
9:58 Double-Bit Axe
10:40 Bloodlines
11:05 Scale Barding Armor
10:47 Horse Collar
12:28 Bow Saw
13:26 Heavy Plow
17:11 Wheelbarrow
18:23 Husbandry
18:46 Gold Mining
21:09 Gold Shaft Mining
21:20 Chain Barding Armor
20:50 Loom
21:59 Town Watch
28:47 Imperial Age
26:56 Hand Cart
28:02 Stone Mining
29:55 Conscription
30:42 Plate Barding Armor
29:39 Cavalier
31:44 Paladin
34:25 Corvinian Army
36:53 Light Cavalry
39:18 Hoardings
39:40 Caravan
39:33 Elite Magyar Huszar
42:17 Two-Man Saw
42:10 Fervor
42:16 Scale Mail Armor
42:06 Fletching
43:39 Chain Mail Armor
44:28 Ballistics
45:09 Chemistry
44:08 Murder Holes
44:25 Masonry
44:31 Bodkin Arrow
rafoBR
8:09 Feudal Age
9:48 Double-Bit Axe
10:26 Horse Collar
13:08 Castle Age
11:07 Gold Mining
17:13 Stone Mining
18:52 Bow Saw
19:41 Loom
20:26 Fletching
22:45 Wheelbarrow
25:20 Imperial Age
25:29 Imperial Age
24:02 Heavy Plow
24:49 Forging
24:40 Scale Mail Armor
24:31 Fletching
24:41 Man-at-Arms
25:21 Squires
26:45 Iron Casting
25:38 Long Swordsman
26:55 Hand Cart
27:17 Bodkin Arrow
27:15 Elite Skirmisher
28:28 Fortified Wall
28:43 Padded Archer Armor
29:45 Chemistry
28:18 Two-Handed Swordsman
29:16 Chain Mail Armor
30:05 Leather Archer Armor
30:19 Ballistics
30:57 Crop Rotation
29:59 Champion
30:01 Pikeman
31:55 Thumb Ring
32:22 Tigui
32:42 Conscription
33:25 Arson
34:11 Plate Mail Armor
34:12 Ring Archer Armor
33:55 Masonry
34:46 Stone Shaft Mining
37:49 Conscription
37:16 Elite Gbeto
39:30 Husbandry
39:41 Bloodlines
38:52 Cavalier
39:55 Scale Barding Armor
42:10 Chain Barding Armor
42:17 Caravan
44:48 Light Cavalry
Dedpool_Aoe
7:50 Feudal Age
11:28 Castle Age
9:44 Double-Bit Axe
10:13 Horse Collar
12:40 Bow Saw
12:43 Heavy Plow
17:11 Wheelbarrow
18:20 Hand Cart
21:16 Gold Mining
21:18 Stone Mining
25:52 Imperial Age
23:38 Fletching
24:15 Bodkin Arrow
24:49 Loom
25:40 Padded Archer Armor
26:41 Leather Archer Armor
26:49 Ballistics
26:57 Conscription
26:00 Elite Longbowman
30:04 Bracer
30:36 Ring Archer Armor
31:09 Chemistry
32:15 Yeomen
38:24 Warwolf
Green Assassin
0:28 Loom
5:56 Feudal Age
8:53 Double-Bit Axe
8:51 Horse Collar
14:42 Castle Age
13:40 Fletching
14:26 Gold Mining
15:23 Wheelbarrow
21:32 Ballistics
21:54 Bodkin Arrow
25:53 Hand Cart
25:54 Bloodlines
25:45 Husbandry
25:47 Padded Archer Armor
31:52 Imperial Age
29:47 Thumb Ring
29:53 Light Cavalry
31:58 Elite Mangudai
32:51 Bracer
34:01 Chemistry
34:53 Hoardings
36:38 Conscription
35:46 Capped Ram
36:06 Elite Steppe Lancer
37:49 Scale Barding Armor
37:55 Forging
38:00 Leather Archer Armor
45:57 Caravan
46:33 Hussar
Popeye
8:07 Feudal Age
11:42 Castle Age
9:33 Double-Bit Axe
11:45 Horse Collar
12:20 Loom
15:51 Gold Mining
19:19 Stone Mining
19:18 Vendel Legacy
23:27 Bow Saw
23:36 Heavy Plow
25:29 Wheelbarrow
25:07 Scale Barding Armor
25:13 Forging
25:25 Bloodlines
26:56 Chain Barding Armor
26:51 Town Watch
27:46 Iron Casting
28:36 Husbandry
33:16 Imperial Age
32:32 Stone Shaft Mining
33:47 Hand Cart
35:06 Plate Barding Armor
35:31 Blast Furnace
34:54 Cavalier
37:04 Padded Archer Armor
36:54 Fletching
36:42 Elite Skirmisher
41:13 Crossbowman
BOCABOCABOCA
8:11 Feudal Age
12:08 Castle Age
10:24 Double-Bit Axe
13:48 Bow Saw
14:42 Wheelbarrow
13:49 Horse Collar
14:05 Loom
19:25 Hand Cart
20:17 Heavy Plow
21:42 Gold Mining
24:27 Gold Shaft Mining
24:50 Ballistics
27:24 Imperial Age
25:43 Fletching
26:18 Padded Archer Armor
26:38 Thumb Ring
27:35 Bodkin Arrow
27:57 Leather Archer Armor
28:18 Bracer
29:40 Chemistry
28:10 Heavy Cavalry Archer
29:18 Parthian Tactics
41:10 Ring Archer Armor
42:43 Elite Skirmisher
Ritiskiti
7:39 Feudal Age
11:47 Castle Age
10:23 Double-Bit Axe
10:29 Horse Collar
14:15 Bow Saw
19:42 Wheelbarrow
18:53 Loom
19:32 Heavy Plow
20:34 Stone Mining
20:41 Gold Mining
22:28 Hand Cart
27:25 Imperial Age
25:38 Paiks
26:34 Scale Barding Armor
26:40 Forging
26:32 Husbandry
26:43 Bloodlines
27:42 Chain Barding Armor
27:50 Elite Battle Elephant
29:11 Chain Barding Armor
30:02 Iron Casting
31:11 Elite Skirmisher
33:45 Mahayana
36:43 Fletching
36:53 Padded Archer Armor
37:53 Bodkin Arrow
40:20 Blast Furnace
43:40 Plate Barding Armor
45:14 Bracer
Karlak
7:36 Feudal Age
7:56 Feudal Age
12:03 Castle Age
9:51 Double-Bit Axe
9:48 Horse Collar
15:05 Bow Saw
14:49 Loom
19:51 Wheelbarrow
19:35 Gold Mining
21:30 Stone Mining
26:08 Yeomen
28:37 Imperial Age
26:25 Hand Cart
25:55 Town Watch
26:26 Scale Mail Armor
26:37 Forging
25:51 Pikeman
27:03 Elite Skirmisher
28:29 Chain Mail Armor
29:34 Iron Casting
29:16 Fortified Wall
30:03 Squires
30:13 Halberdier
34:18 Fletching
34:29 Padded Archer Armor
34:52 Ballistics
35:33 Chemistry
36:03 Bodkin Arrow
36:24 Leather Archer Armor
42:27 Bracer
43:20 Ring Archer Armor
Connection lost

Rejoining the realm…

Still unreachable

The connection could not be restored.

Session expired

The server has moved on; the page needs a fresh start.